 Dungeon Crawl Stone Soup version 0.31-a0-187-gba352fbbf7 (webtiles) character file.

Game seed: 18180052736010912855

59 Gorgondantess the Magician (level 3, -8/23 (24) HPs)
             Began as a Demonspawn Hedge Wizard on June 23, 2023.
             Mangled by Crazy Yiuf
             ... wielding a +3 quarterstaff of chaos
              (10 damage)
             ... on level 2 of the Dungeon.
             The game lasted 00:05:25 (2042 turns).

Gorgondantess the Magician (DsHW)                   Turns: 2042, Time: 00:05:26

HP:   -8/23 (24)    AC:  5    Str: 10    XL:     3   Next: 78%
MP:   0/7           EV: 12    Int: 21    God:
Gold: 167           SH:  0    Dex: 12    Spells: 1/8 levels left

rFire   . . .        n - +3 sling "Tofayjer" {drain, Will- Int+4}
rCold   . . .        (no shield)
rNeg    . . .        b - +0 robe
rPois   .            f - +1 helmet
rElec   .            i - +0 cloak
rCorr   .            (no gloves)
SInv    .            (no boots)
Will    .....        (no amulet)
Stlth   ++           (no ring)
HPRegen 0.23/turn    (no ring)
MPRegen 0.10/turn

%: no passive effects
@: mighty, lightly drained
A: claws 1, powered by death 1
a: no special abilities


You were on level 2 of the Dungeon.
You visited 1 branch of the dungeon, and saw 2 of its levels.

You collected 167 gold pieces.

Inventory:

Hand Weapons
 a - a +0 dagger
 h - a +0 sling
 n - the +3 sling "Tofayjer" (weapon) {drain, Will- Int+4}
   (You found it on level 2 of the Dungeon)

   Int:       It affects your intelligence (+4).
   Will:      It decreases your willpower.
 u - a +1 mace of draining
Missiles
 o - a throwing net
Armour
 b - a +0 robe (worn)
 c - a +0 hat
 f - a +1 helmet (worn)
 i - a +0 cloak (worn)
Scrolls
 e - 4 scrolls of identify {unknown}
 j - a scroll of teleportation {unknown}
 k - 2 scrolls of noise {unknown}
 l - a scroll of amnesia {unknown}
 m - 2 scrolls of immolation {unknown}
 p - a scroll of vulnerability {unknown}
 q - a scroll of fear {unknown}
 r - a scroll of enchant weapon {unknown}
 t - a scroll of enchant armour {unknown}
Potions
 d - a potion of magic
 g - a potion of might
 s - a potion of heal wounds {unknown}


   Skills:
 - Level 1.7 Dodging
 - Level 1.7 Stealth
 * Level 3.0 Spellcasting
 + Level 3.0 Conjurations
 + Level 2.0 Summonings
 + Level 0.0 Necromancy
 - Level 0.8 Translocations
 + Level 0.2 Air Magic
 + Level 0.1 Poison Magic


You had one spell level left.
You knew the following spells:

 Your Spells              Type           Power      Damage    Failure   Level
a - Magic Dart            Conj           60%        1d6       3%          1
b - Call Imp              Summ           24%        N/A       9%          2
c - Blink                 Tloc           12%        N/A       14%         2
d - Cigotuvi's Dreadful   Necr/Pois/Air  6%         N/A       19%         2

Your spell library contained the following spells:

 Spells                   Type           Power      Damage    Failure   Level
 Slow                     Hex            12%        N/A       13%         1
 Mephitic Cloud           Conj/Pois/Air  7%         N/A       26%         3


Dungeon Overview and Level Annotations

Branches:
Dungeon (2/15)

Altars:

Annotations:
D:2 Crazy Yiuf


Innate Abilities, Weirdness & Mutations

You have sharp fingernails.
You regenerate a little health from kills.


Message History

Crazy Yiuf barely misses you.
Your cerulean imp barely misses Crazy Yiuf.
Fire: n) +3 sling "Tofayjer" {drain, Will- Int+4}
Press: ? - help, Q - select action, (/) - cycle Shift-Dir - straight line, f - Crazy Yiuf
Aim: Crazy Yiuf, wielding a +3 quarterstaff of chaos and wearing a +0 cloak (ally target, 61% to hit)
You shoot a sling bullet.
The sling bullet barely misses Crazy Yiuf.
You feel stable enough to blink again.
Crazy Yiuf hits you with a +3 quarterstaff of chaos!
Ouch! That really hurt!
You convulse.
* * * LOW HITPOINT WARNING * * *
Your cerulean imp hits Crazy Yiuf but does no damage.
Casting: Call Imp (safe; 9% risk of failure)
Confirm with . or Enter, or press ? or * to list all spells.
A tiny devil pulls itself out of the air.
Your cerulean imp disappears in a puff of smoke!
Crazy Yiuf barely misses you.
Unknown command.
Crazy Yiuf closely misses you.
Your cerulean imp completely misses Crazy Yiuf.
Crazy Yiuf hits you with a +3 quarterstaff of chaos.
* * * LOW HITPOINT WARNING * * *
You feel drained.
* * * LOW HITPOINT WARNING * * *
Your cerulean imp hits Crazy Yiuf but does no damage.
Unknown command.
Your cerulean imp hits Crazy Yiuf from afar with a -3 spear.
There is an open translucent door here.
Casting: Call Imp (safe; 9% risk of failure)
Confirm with . or Enter, or press ? or * to list all spells.
A tiny devil pulls itself out of the air.
Your cerulean imp disappears in a puff of smoke!
Crazy Yiuf closely misses you.
Unknown command.
Your cerulean imp closely misses Crazy Yiuf.
It was a potion of might.
You feel very mighty all of a sudden.
Crazy Yiuf hits you with a +3 quarterstaff of chaos!
You die...

##.........####..##
##.######## #....#
#.# #PP.P# #.#
#...## ##'## ##.##
##...## #.##
#.....## ##.#
.......## #.##
........#### ##@#
........'..# ##g##
........#### #...#
.......## #.5.#
#.....## #..ยง#
##...## ##### ##'##
#.# ### #.# #.#


You could see Crazy Yiuf (ally target) and a friendly cerulean imp (summoned).

Vanquished Creatures
  An adder (D:2)
  A dart slug (D:1)
  9 bats
  4 endoplasms
  3 goblins (D:2)
  3 hobgoblins (D:2)
  4 jackals (D:1)
  2 quokkas
  2 ball pythons (D:1)
  2 frilled lizards
  A kobold (D:1)
  4 rats
36 creatures vanquished.

Vanquished Creatures (collateral kills)
  A hobgoblin (D:1)
  3 jackals (D:1)
  A bat (D:1)
  A kobold (D:1)
6 creatures vanquished.

Grand Total: 42 creatures vanquished

Notes
Turn   | Place    | Note
-------+----------+-------------------------------------------
     0 | D:1      | Gorgondantess the Demonspawn Hedge Wizard began the quest
                  | for the Orb.
     0 | D:1      | Reached XP level 1. HP: 13/13 MP: 4/4
   243 | D:1      | Gained mutation: You have sharp fingernails. [demonic
                  | ancestry]
   243 | D:1      | Reached XP level 2. HP: 18/19 MP: 0/6
   345 | D:1      | Learned a level 2 spell: Call Imp
   862 | D:1      | Gained mutation: You regenerate a little health from kills.
                  | [demonic ancestry]
   862 | D:1      | Reached XP level 3. HP: 24/24 MP: 0/7
  1189 | D:2      | Identified the +3 sling "Tofayjer" {drain, Will- Int+4}
  1198 | D:2      | Learned a level 2 spell: Blink
  1201 | D:2      | Learned a level 2 spell: Cigotuvi's Dreadful Rot
  1811 | D:2      | Found a runed translucent door.
  2025 | D:2      | Noticed Crazy Yiuf
  2038 | D:2      | HP: 1/23 [Crazy Yiuf/+3 quarterstaff of chaos (1)]
  2042 | D:2      | Mangled by Crazy Yiuf

Illustrated notes

Levels and vault maps discovered:
D:1:      nicolae_arrival_somewhat_less_tricky_arrival, layout_rooms,
          serial_forest, infiniplex_forest_join, infiniplex_forest_corner_1,
          infiniplex_forest_lined_corner, infiniplex_forest_end_1,
          infiniplex_forest_straight_4, infiniplex_forest_lined_corner,
          infiniplex_forest_clump_C, infiniplex_forest_lined_2,
          infiniplex_forest_clump_diagonal, infiniplex_forest_lined_2,
          minmay_misc_feat_four_crosses, minmay_tromino_v2
D:2:      layout_loops_corners, minmay_misc_feat_plants,
          minmay_gold_behind_fungi, uniq_crazy_yiuf_cottage

Skill      XL: |  1  2  3 |
---------------+----------+-----
Conjurations   | 2 3 |  3.0
Summonings     | 2 |  2.0
Dodging        | |  1.7
Stealth        | |  1.7
Spellcasting   | |  3.0
Translocations | |  0.8
Air Magic      | |  0.2
Poison Magic   | |  0.1

Action                     || total
---------------------------++-------
  Melee: Dagger            ||    72
         Punch             ||     1
   Fire: Sling             ||    21
   Cast: Magic Dart        ||    34
         Call Imp          ||     8
         Blink             ||     1
    Use: Potion            ||     1
   Stab: Sleeping          ||     2
         Distracted        ||     1
 Armour: Robe              ||    39
  Dodge: Dodged            ||    83

Table legend: (Time is in decaauts)
 A = Elapsed time spent in this place.
 B = Non-inter-level travel time spent in this place.
 C = Inter-level travel time spent in this place.
 D = Time resting spent in this place.
 E = Time spent auto-exploring this place.
 F = Levels seen in this place.
 G = Mean time per level.
                   A        B        C        D        E       F      G
               +--------+--------+--------+--------+--------+-----+--------+
         Total |   2049 |   1972 |     77 |     46 |   1578 |   2 | 1024.5 |
       Dungeon |   2049 |   1972 |     77 |     46 |   1578 |   2 | 1024.5 |
               +--------+--------+--------+--------+--------+-----+--------+

Top non-repeatable levels by time:
     D:1: 1040 daAuts
     D:2: 1009 daAuts
